 Dungeon Crawl Stone Soup version 0.23.2-11-gf996548c65 (webtiles) character file.

Game seed: 3284888578067261492

34 myga the Digger (level 3, -1/26 HPs)
             Began as a Ghoul Earth Elementalist on June 3, 2019.
             Slain by a leopard gecko (2 damage)
             ... on level 2 of the Dungeon.
             The game lasted 00:06:53 (1462 turns).

myga the Digger (Ghoul Earth Elementalist)          Turns: 1462, Time: 00:06:54

Health: -1/26      AC:  3    Str: 11    XL:     3   Next: 31%
Magic:  4/5        EV: 13    Int: 10    God:
Gold:   38         SH:  0    Dex: 10    Spells: 5/6 levels left

rFire    . . .     SeeInvis .     - Unarmed
rCold    + . .     Gourm    .   (no shield)
rNeg     + + +     Faith    .   c - +0 robe
rPois    ∞         Spirit   .   (no helmet)
rElec    .         Reflect  .   (no cloak)
rCorr    .         Harm     .   (no gloves)
MR       .....     Rnd*Tele +   g - +0 pair of boots
Stlth    ++........             (no amulet)
HPRegen  0.00/turn              e - ring of teleportation (curse)
MPRegen  0.09/turn              k - +1 ring of evasion

@: rotting
A: rotting body, claws 1, carnivore, cold resistance 1, negative energy
resistance 3, inhibited regeneration, torment resistance, unbreathing
a: no special abilities


You were on level 2 of the Dungeon.
You were not hungry.

You visited 1 branch of the dungeon, and saw 2 of its levels.

You collected 38 gold pieces.

Inventory:

Missiles
 b - 50 stones (quivered)
Armour
 c - a +0 robe (worn)
 g - a +0 pair of boots (worn)
Jewellery
 e - a cursed ring of teleportation (left claw)
 k - a +1 ring of evasion (right claw)
Scrolls
 a - a scroll of remove curse {unknown}
 h - a scroll of identify {unknown}
Potions
 f - a potion of heal wounds {unknown}
 j - a potion of might {unknown}
Comestibles
 d - 3 rations


   Skills:
 + Level 2.0 Dodging
 + Level 2.5 Stealth
 + Level 1.2 Unarmed Combat
 + Level 2.1 Spellcasting
   Level 0.8 Transmutations
 + Level 3.8 Earth Magic


You had 5 spell levels left.
You knew the following spells:

 Your Spells              Type           Power        Failure   Level  Hunger
a - Sandblast             Erth           #.....       7%          1    ##.....

Your spell library contained the following spells:

 Spells                   Type           Power        Failure   Level  Hunger
 Passwall                 Tmut/Erth      #.......     19%         2    ###....
 Stone Arrow              Conj/Erth      #.....       38%         3    ####...
 Petrify                  Tmut/Erth      #.......     75%         4    #####..
 Lee's Rapid Deconstruct  Erth           #.........   88%         5    ######.


Dungeon Overview and Level Annotations

Branches:
Dungeon (2/15)

Altars:


Innate Abilities, Weirdness & Mutations

Your body is rotting away.
You thrive on raw meat.
You are immune to poison.
You have sharp fingernails.
You are carnivorous and can eat meat at any time.
Your flesh is cold resistant. (rC+)
You are immune to negative energy. (rN+++)
You do not regenerate when monsters are visible.
You are immune to unholy pain and torment.
You can survive without breathing.


Message History

The leopard gecko is almost dead.
The leopard gecko bites you.
* * * LOW HITPOINT WARNING * * *
You barely miss the leopard gecko.
The leopard gecko is almost dead.
The leopard gecko bites you.
* * * LOW HITPOINT WARNING * * *
Sorry, you're not good enough to have a special ability.
You are too injured to fight recklessly!
Unknown command.
Casting: Sandblast (safe; 7% risk of failure)
Confirm with . or Enter, or press ? or * to list all spells.
Aiming: Sandblast (safe; 7% risk of failure)
Press: ? - help, Shift-Dir - straight line, f - leopard gecko
Aim: a leopard gecko (almost dead)
The blast of sand misses the leopard gecko.
b - 50 stones The leopard gecko bites you but does no damage.
The leopard gecko bites you.
You die...

# .# # .# ..#
##. .
#.###.##.#
#......#.###.#
###.....l.....#
........@#
####.....#
#........#
#.####<### #.#
#.# #># #.# .P#


You could see a leopard gecko.

Vanquished Creatures
  A dart slug (D:1)
  3 giant cockroaches (D:1)
  6 goblins (D:1)
  4 hobgoblins (D:1)
  2 jackals (D:1)
  A ball python (D:1)
  3 bats (D:1)
  2 frilled lizards (D:1)
  6 kobolds (D:1)
  A rat (D:1)
29 creatures vanquished.

Notes
Turn   | Place    | Note
-------+----------+-------------------------------------------
     0 | D:1      | myga the Ghoul Earth Elementalist began the quest for the
                  | Orb.
     0 | D:1      | Reached XP level 1. HP: 14/14 MP: 2/2
   338 | D:1      | Reached XP level 2. HP: 10/20 MP: 0/3
   463 | D:1      | HP: 1/20 [dart slug/slug dart (4)]
   740 | D:1      | Reached skill level 1 in Unarmed Combat
   961 | D:1      | Reached XP level 3. HP: 21/25 MP: 5/5
  1461 | D:2      | HP: 1/26 [leopard gecko (3)]
  1462 | D:2      | Slain by a leopard gecko

Skill      XL: |  1  2  3 |
---------------+----------+-----
Spellcasting   | 2 |  2.1
Unarmed Combat | 1 |  1.2
Dodging        | 2 |  2.0
Stealth        | |  2.5
Transmutations | |  0.8
Earth Magic    | |  3.8

Action                   || total
-------------------------++-------
Melee: Unarmed           ||   108
Throw: Stone             ||     1
 Cast: Sandblast         ||    24
 Stab: Sleeping          ||     6
  Eat: Chunk             ||     8
Armor: Robe              ||    19
Dodge: Dodged            ||    69
